 Dungeon Crawl Stone Soup version 0.22.1-2-g9c5b331383 (webtiles) character file.

4465 Ihlosi the Nimble (level 10, -3/59 (60) HPs)
             Began as a Kobold Gladiator on Dec 24, 2018.
             Was a Believer of Dithmenos.
             Slain by a sky beast (6 damage)
             ... on level 7 of the Dungeon on Dec 25, 2018.
             The game lasted 00:25:48 (11154 turns).

Ihlosi the Nimble (Kobold Gladiator)               Turns: 11154, Time: 00:25:51

HP:   -3/59 (60)    AC:  7    Str: 18    XL:     10   Next: 64%
MP:   14/14         EV: 22    Int: 13    God:    Dithmenos [**....]
Gold: 381           SH:  0    Dex: 19    Spells: 12/15 levels left

rFire    . . .     SeeInvis .   a - +0 rapier
rCold    . . .     Gourm    .   (shield restricted)
rNeg     . . .     Faith    .   b - +0 leather armour
rPois    +         Spirit   .   s - +1 helmet
rElec    .         Reflect  .   C - +0 cloak
rCorr    .         Harm     .   (no gloves)
MR       .....                  e - +0 pair of boots
Stlth    ++++......             (no amulet)
HPRegen  0.19/turn              y - ring of poison resistance
MPRegen  0.14/turn              i - +5 ring of strength

@: about to teleport, wreathed by umbra
A: small, talons 1, carnivore, clever 2, MP-powered wands
a: Shadow Step, Renounce Religion


You were on level 7 of the Dungeon.
You worshipped Dithmenos.
Dithmenos was pleased with you.
You were completely stuffed.

You visited 2 branches of the dungeon, and saw 9 of its levels.

You collected 381 gold pieces.

Inventory:

Hand Weapons
 a - a +0 rapier (weapon)
 m - a +0 falchion
 A - a +0 dagger of speed
 B - a +2 whip of venom
Missiles
 c - 3 throwing nets (quivered)
 p - 65 bolts
Armour
 b - a +0 leather armour (worn)
 e - a +0 pair of boots (worn)
 s - a +1 helmet (worn)
 C - a +0 cloak (worn)
Jewellery
 i - a +5 ring of strength (right hand)
 y - a ring of poison resistance (left hand)
 F - an uncursed ring of protection from magic
Wands
 q - a wand of polymorph (2)
 D - a wand of flame (15)
 E - a wand of digging (10)
Scrolls
 d - a scroll of brand weapon {unknown}
 g - a scroll of noise {unknown}
 h - a scroll of fear {unknown}
 j - 3 scrolls of remove curse
 k - 2 scrolls of magic mapping {unknown}
 l - a scroll of amnesia {unknown}
 n - 3 scrolls of blinking {unknown}
 o - a scroll of immolation {unknown}
 u - 8 scrolls of identify
 v - 4 scrolls of teleportation
Potions
 r - a potion of brilliance
 t - 2 potions of haste
 w - a potion of curing
 z - a potion of berserk rage {unknown}
Comestibles
 f - 24 rations
 x - 3 chunks of flesh


   Skills:
 + Level 6.0 Fighting
 - Level 9.0 Short Blades
 - Level 3.0 Throwing
 - Level 3.0 Armour
 - Level 9.4 Dodging
 * Level 6.1 Stealth
 - Level 3.0 Spellcasting
 * Level 3.6 Hexes
 * Level 4.4 Invocations
 * Level 5.4 Evocations


You had 12 spell levels left.
You knew the following spells:

 Your Spells              Type           Power        Failure   Level  Hunger
a - Confuse               Hex            ##......     19%         3    ###....

Your spell library contained the following spells:

 Spells                   Type           Power        Failure   Level  Hunger
 Corona                   Hex            ##.....      6%          1    #......
 Ensorcelled Hibernation  Hex/Ice        #.....       19%         2    ###....
 Tukima's Dance           Hex            ##......     19%         3    ###....
 Animate Skeleton         Necr           N/A          26%         1    #......
 Pain                     Necr           #...         26%         1    #......
 Dazzling Spray           Conj/Hex       #.....       36%         3    ###....
 Regeneration             Chrm/Necr      #.........   63%         3    ###....
 Vampiric Draining        Necr           #.........   63%         3    ###....
 Animate Dead             Necr           N/A          95%         4    #####..


Dungeon Overview and Level Annotations

Branches:
Dungeon (8/15)             Temple (1/1) D:4
   Lair: D:8-11

Altars:
Ashenzari
Cheibriados
Dithmenos
Elyvilon
Fedhas
Gozag
Hepliaklqana
Kikubaaqudgha
Okawaru
Qazlal
Ru
Sif Muna
Trog
Uskayaw
Wu Jian
Yredelemnul
Zin
The Shining One

Annotations:
D:8 Prince Ribbit


Innate Abilities, Weirdness & Mutations

You are small and have problems with some larger weapons.
You are carnivorous and can eat meat at any time.
You have sharp toenails.
Your mind is very acute. (Int +4)
You expend magic power (3 MP) to strengthen your wands.


Message History

The worker ant misses you.
You miss something. The shadow imp gestures at you.
Pain shoots through your body!
* * * LOW HITPOINT WARNING * * *
Something closely misses you. The worker ant completely misses you.
You hit something but do no damage. The shadow imp barely misses you.
The worker ant completely misses you.
You completely miss something. Something hits you but does no damage.
The worker ant misses you. The shadow imp barely misses you.
You closely miss the shadow imp. Something closely misses you.
Okay, then.
As you read the scroll labeled QAADDU ICVAATS, it crumbles to dust.
You feel strangely unstable.
It was a scroll of teleportation.
The worker ant bites you.
* * * LOW HITPOINT WARNING * * *
The shadow imp misses you. Something hits you.
* * * LOW HITPOINT WARNING * * *
Something shocks you.
You die...

#.###............<....# #
#.# #####.##.##.......# #
#.# #.##.##......(####
#.#######.##.##...........
#.........##.##.......####
############.##.......#
#..........#
###########.####
#5@{.....##.#
######a######.##.######
#......# #.##.##...##
#.####.# ####.##.#..#..#
#.####[###.........###.#
#.#........##.#.....#..#
#.#.##..................
#.#.##.########...######
#.#.##.# ##)##


You could see a worker ant and a shadow imp.

Vanquished Creatures
  Harold (D:7)
  A hungry ghost (D:7)
  A steam dragon (D:7)
  Edmund (D:5)
  A swamp drake (D:7)
  A necrophage (D:8)
  A phantom (D:6)
  5 ogres
  2 centaurs (D:7)
  2 bullfrogs (D:6)
  A water moccasin zombie (D:7)
  2 scorpions
  2 water moccasin skeletons
  12 killer bees (D:7)
  5 wights
  3 howler monkeys (D:7)
  3 electric eels (D:3)
  2 crimson imps
  A quasit (D:6)
  2 bullfrog skeletons
  3 hounds
  A jelly (D:5)
  A gnoll shaman (D:4)
  Crazy Yiuf (D:5)
  5 orc priests
  4 orc wizards
  A centaur skeleton (D:8)
  4 iguanas
  8 worker ants
  11 gnolls
  6 adders
  2 shadow imps
  An ooze (D:7)
  4 worms
  A dart slug (D:1)
  3 leopard geckos (D:3)
  37 orcs
  5 giant cockroaches
  14 goblins
  13 hobgoblins
  15 jackals
  3 quokkas
  4 ball pythons
  5 bats
  3 frilled lizards
  A jackal skeleton (D:4)
  15 kobolds
  2 leopard gecko skeletons
  A leopard gecko zombie (D:6)
  9 rats
232 creatures vanquished.

Notes
Turn   | Place    | Note
-------+----------+-------------------------------------------
     0 | D:1      | Ihlosi the Kobold Gladiator began the quest for the Orb.
     0 | D:1      | Reached XP level 1. HP: 12/12 MP: 1/1
   116 | D:1      | Reached XP level 2. HP: 18/18 MP: 2/2
   322 | D:1      | Reached XP level 3. HP: 19/22 MP: 3/3
   968 | D:2      | Found a white marble altar of Elyvilon.
  1105 | D:2      | Reached skill level 1 in Stealth
  1105 | D:2      | Reached XP level 4. HP: 16/27 MP: 5/5
  1300 | D:2      | Reached skill level 1 in Spellcasting
  1942 | D:2      | Reached skill level 1 in Armour
  1972 | D:3      | Reached XP level 5. HP: 31/31 MP: 6/6
  1983 | D:3      | Reached skill level 5 in Short Blades
  2708 | D:3      | Reached XP level 6. HP: 23/36 MP: 7/7
  2779 | D:3      | Found an opulent altar of Gozag.
  2909 | D:3      | Found a transporter.
  2982 | D:3      | Found a transporter.
  3375 | D:4      | Found a staircase to the Ecumenical Temple.
  3475 | D:4      | Reached skill level 5 in Dodging
  3475 | D:4      | Reached XP level 7. HP: 13/41 MP: 8/8
  3867 | D:4      | Noticed a hippogriff
  3915 | D:4      | Reached skill level 1 in Evocations
  5376 | D:4      | Reached XP level 8. HP: 35/46 MP: 10/10
  5886 | Temple   | Entered the Ecumenical Temple
  5933 | Temple   | Became a worshipper of Dithmenos the Shadowed
  5956 | D:5      | Entered Level 5 of the Dungeon
  6336 | D:5      | Found a sacrificial altar of Ru.
  6371 | D:5      | Found a runed door.
  6375 | D:5      | Noticed Crazy Yiuf
  6385 | D:5      | Killed Crazy Yiuf
  6525 | D:5      | Noticed Edmund
  6553 | D:5      | Killed Edmund
  6553 | D:5      | Reached skill level 5 in Stealth
  6553 | D:5      | Reached skill level 1 in Invocations
  6979 | D:3      | Reached XP level 9. HP: 28/52 MP: 12/12
  7055 | D:6      | Learned a level 3 spell: Confuse
  7602 | D:6      | Reached * piety under Dithmenos
  7660 | D:6      | Reached skill level 1 in Hexes
  8115 | D:6      | Found a hazy altar of Hepliaklqana.
  9234 | D:7      | Reached skill level 5 in Fighting
  9237 | D:7      | Reached ** piety under Dithmenos
  9247 | D:7      | Reached XP level 10. HP: 28/59 MP: 14/14
  9808 | D:7      | Noticed Duvessa
  9810 | D:7      | Noticed Dowan
  9814 | D:7      | Gained mutation: You have sharp toenails. [potion of
                  | mutation]
  9814 | D:7      | Gained mutation: Your mind is acute. (Int +2) [potion of
                  | mutation]
  9814 | D:7      | Gained mutation: You expend magic power (3 MP) to
                  | strengthen your wands. [potion of mutation]
  9814 | D:7      | Gained mutation: Your mind is very acute. (Int +4) [potion
                  | of mutation]
  9830 | D:7      | Noticed Duvessa
  9830 | D:7      | Duvessa changed into Duvessa the ooze
  9834 | D:7      | Killed Duvessa the ooze
  9836 | D:7      | Noticed Dowan
  9836 | D:7      | Dowan changed into Dowan the swamp drake
  9859 | D:7      | Killed Dowan the swamp drake
 10142 | D:7      | Reached skill level 5 in Evocations
 10333 | D:7      | Noticed Harold
 10368 | D:7      | Killed Harold
 10677 | D:8      | Noticed Prince Ribbit
 10720 | D:8      | Noticed a red ugly thing
 11154 | D:7      | Slain by a sky beast

Skill      XL: |  1  2  3  4  5  6  7  8  9 10 |
---------------+-------------------------------+-----
Dodging        | 4 5 6 7 9 |  9.4
Stealth        | 1 2 3 4 5 6 |  6.1
Spellcasting   | 1 2 3 |  3.0
Armour         | 1 2 3 |  3.0
Short Blades   | 5 6 7 8 9 |  9.0
Throwing       | 3 |  3.0
Fighting       | 3 4 5 6 |  6.0
Evocations     | 1 2 4 5 |  5.4
Invocations    | 1 3 4 |  4.4
Hexes          | 2 3 |  3.6

Action                   |  1- 3 |  4- 6 |  7- 9 | 10-12 || total
-------------------------+-------+-------+-------+-------++-------
Melee: Rapier            |   134 |   290 |   650 |   246 ||  1320
Throw: Throwing net      |       |     4 |     6 |       ||    10
 Cast: Confuse           |       |       |       |     3 ||     3
Evoke: Wand              |       |       |     6 |     3 ||     9
  Use: Scroll            |       |     3 |       |     2 ||     5
       Potion            |       |     3 |     4 |     7 ||    14
 Stab: Sleeping          |     1 |     2 |    20 |     3 ||    26
       Held in net/web   |       |     4 |     1 |       ||     5
       Distracted        |       |       |     2 |       ||     2
       Confused          |       |       |       |     2 ||     2
  Eat: Chunk             |     9 |     8 |    17 |    14 ||    48
Armor: Leather armour    |    26 |    35 |    47 |    27 ||   135
       Skin              |       |     5 |     8 |       ||    13
Dodge: Dodged            |   130 |   196 |   471 |   238 ||  1035
